 Dungeon Crawl Stone Soup version 0.23.0 (webtiles) character file.

Game seed: 8233335260526225334

62 Dani the Ducker (level 3, -11/22 HPs)
             Began as a Deep Elf Monk on Feb 11, 2019.
             Killed by divine providence
             ... invoked by an orc priest
              (12 damage)
             ... on level 3 of the Dungeon.
             The game lasted 00:06:21 (2824 turns).

Dani the Ducker (Deep Elf Monk)                     Turns: 2824, Time: 00:06:22

Health: -11/22     AC:  7    Str:  8    XL:     3   Next: 85%
Magic:  5/5        EV: 12    Int: 15    God:
Gold:   112        SH:  0    Dex: 17    Spells: 2/2 levels left

rFire    . . .     SeeInvis .   a - +0 short sword
rCold    . . .     Gourm    .   (no shield)
rNeg     . . .     Faith    .   f - +0 ring mail
rPois    .         Spirit   .   j - +1 helmet
rElec    .         Reflect  .   (no cloak)
rCorr    .         Harm     .   (no gloves)
MR       .....                  (no boots)
Stlth    +++.......             (no amulet)
HPRegen  0.07/turn              s - ring of stealth
MPRegen  0.09/turn              (no ring)

@: no status effects
A: no striking features
a: no special abilities


You were on level 3 of the Dungeon.
You were not hungry.

You visited 1 branch of the dungeon, and saw 3 of its levels.

You collected 112 gold pieces.

Inventory:

Hand Weapons
 a - a +0 short sword (weapon)
 b - a +0 hunting sling
 h - a +0 hand axe of chopping
Missiles
 u - 12 stones (quivered)
Armour
 f - a +0 ring mail (worn)
 j - a +1 helmet (worn)
 q - a +0 robe
Jewellery
 s - a ring of stealth (left hand)
Scrolls
 g - a scroll of fog {unknown}
 i - 3 scrolls of identify {unknown}
 n - 2 scrolls of remove curse {unknown}
 o - a scroll of amnesia {unknown}
Potions
 d - 2 potions of haste {unknown}
 e - 2 potions of resistance {unknown}
 k - a potion of lignification {unknown}
 l - a potion of heal wounds {unknown}
 m - a potion of cancellation {unknown}
 p - a potion of might
 t - a potion of curing {unknown}
Comestibles
 c - 5 rations
 r - 2 chunks of flesh


   Skills:
 - Level 2.4 Fighting
 + Level 3.7 Short Blades
 + Level 4.4 Dodging
 + Level 3.7 Stealth


You had 2 spell levels left.
You didn't know any spells.
Your spell library was empty.

Dungeon Overview and Level Annotations

Branches:
Dungeon (3/15)

Altars:
Xom

Annotations:
D:3 Natasha


Message History

No target in view!
Found a stone staircase leading down.
d - 2 dark potions (gained 1)
A hobgoblin comes into view. It is wielding a +0 club.
An orc priest comes into view. It is wielding a -2 trident.
The orc priest shouts!
The hobgoblin shouts!
You hear a bark!
You hear a shout! x3
An orc comes into view. It is wielding a +0 short sword.
The orc shouts!
You hear a shout!
You hear a shout! x2
The orc priest calls down the wrath of Beogh upon you.
Beogh smites you!
Ouch! That really hurt!
You hear a bark!
The orc priest mumbles some strange prayers to Beogh against you.
Pain shoots through your body!
* * * LOW HITPOINT WARNING * * *
The orc priest mumbles some strange prayers to Beogh against you.
Beogh smites you!
Ouch! That really hurt!
You die...

.# #. ..# .. #. #.#
#.#.## #.# #....## #.#
##....###.# #.##.....#
#o ####.o### #
#....#####
##.#..g@.####
#.#####....######
#.########.<....# ..
#.#........#.######.###
#...########..........$
#..## ######...... #.##
#....... #.# #.......
>.# #...%...


You could see an orc priest and a hobgoblin.

Vanquished Creatures
  An adder (D:2)
  An ooze (D:2)
  A worm (D:2)
  3 dart slugs
  A leopard gecko (D:2)
  4 bats
  3 giant cockroaches
  3 goblins
  7 hobgoblins
  A quokka (D:2)
  6 frilled lizards
  3 kobolds
  3 rats
37 creatures vanquished.

Notes
Turn   | Place    | Note
-------+----------+-------------------------------------------
     0 | D:1      | Dani the Deep Elf Monk began the quest for the Orb.
     0 | D:1      | Reached XP level 1. HP: 13/13 MP: 3/3
   431 | D:1      | Reached XP level 2. HP: 16/18 MP: 4/4
   855 | D:1      | Reached skill level 4 in Dodging
  1299 | D:2      | Reached XP level 3. HP: 15/22 MP: 5/5
  2237 | D:2      | Found an opulent altar of Gozag.
  2239 | D:2      | Found a shimmering altar of Xom.
  2239 | D:2      | Found a shimmering altar of Xom.
  2242 | D:2      | Found a shimmering altar of Xom.
  2242 | D:2      | Found a bloodstained altar of Trog.
  2242 | D:2      | Found a glowing golden altar of the Shining One.
  2327 | D:3      | Noticed Natasha
  2820 | D:3      | HP: 1/22 [orc priest/nerve-wracking pain (8)]
  2824 | D:3      | Killed from afar by an orc priest

Skill      XL: |  1  2 |
---------------+-------+-----
Stealth        | 3 |  3.7
Dodging        | 4 |  4.4
Fighting       | |  2.4
Short Blades   | |  3.7

Action                   || total
-------------------------++-------
Melee: Short sword       ||   161
 Fire: Hunting sling     ||    56
 Stab: Sleeping          ||     4
  Eat: Chunk             ||     6
Armor: Ring mail         ||    52
       Robe              ||     1
Dodge: Dodged            ||    97
